 Dungeon Crawl Stone Soup version 0.21.0-3-g78d12a8bdd (webtiles) character file.

252446 Rrauwl the Shatterer (level 19, -4/202 HPs)
             Began as a Gargoyle Berserker on Jan 11, 2018.
             Was the Champion of Trog.
             Killed from afar by an orb of fire (28 damage)
             ... with a bolt of fire
             ... on level 8 of a ziggurat.
             The game lasted 02:41:31 (32268 turns).

Rrauwl the Shatterer (Gargoyle Berserker)          Turns: 32268, Time: 02:41:31

Health: -4/202     AC: 41    Str: 31    XL:     19   Next: 69%
Magic:  0/19       EV: 13    Int:  9    God:    Trog [******]
Gold:   2157       SH:  0    Dex: 19    Spells: 18/18 levels left

rFire    + . .     SeeInvis .   a - +9 great mace (crush)
rCold    + . .     Gourm    .   (shield currently unavailable)
rNeg     + . .     Faith    .   z - +1 plate armour
rPois    ∞         Spirit   +   T - +1 hat of Proximity {rElec rCorr}
rElec    +         Reflect  .   I - scarf {repulsion}
rCorr    +         Harm     .   H - +2 pair of gloves {Dex+3}
MR       ++...                  D - +1 pair of boots of Whack-A-Mole {Regen+}
Stlth    ..........             b - amulet of guardian spirit
HPRegen  0.83/turn              Y - ring of protection from magic
MPRegen  0.16/turn              A - +5 ring of dexterity

@: berserking (expiring), resistant, flying, repel missiles, very quick
A: big wings, talons 1, negative energy resistance 1, electricity resistance,
unbreathing, petrification resistance, rot immunity, AC +14
}: 2/15 runes: decaying, gossamer
a: Stop Flying, Berserk, Trog's Hand, Brothers in Arms, Burn Spellbooks,
Renounce Religion


You were on level 8 of a ziggurat.
You worshipped Trog.
Trog was exalted by your worship.
You were very hungry.

You visited 8 branches of the dungeon, and saw 34 of its levels.
You visited the Abyss 1 time.
You visited 1 bazaar.
You visited 1 ziggurat, and saw 8 of its levels.

You collected 4307 gold pieces.
You spent 2150 gold pieces at shops.

Inventory:

Hand Weapons
 a - a +9 great mace of crushing (weapon)
 c - a +6 antimagic great mace
Missiles
 w - 3 throwing nets (quivered)
 Q - 5 tomahawks of dispersal
Armour
 z - a +1 plate armour (worn)
 D - the +1 pair of boots of Whack-A-Mole (worn) {Regen+}
   (You found it on level 9 of the Dungeon)

   It increases your rate of regeneration.
 H - a +2 pair of gloves of dexterity (worn)
 I - a scarf of repulsion (worn)
 T - the +1 hat of Proximity (worn) {rElec rCorr}
   (You acquired it in a bazaar)

   It insulates you from electricity.
   It protects you from acid and corrosion.
Jewellery
 b - an amulet of guardian spirit (around neck)
 j - an uncursed ring of resist corrosion
 A - a +5 ring of dexterity (right hand)
 J - an uncursed ring of positive energy
 Y - a ring of protection from magic (left hand)
Wands
 h - a wand of disintegration (27)
 k - a wand of scattershot (5)
 m - a wand of digging (25)
 r - a wand of flame (90)
 s - a wand of acid (3)
 y - a wand of paralysis (32)
 B - a wand of iceblast (7)
 E - a wand of enslavement (13)
 F - a wand of polymorph (18)
Scrolls
 d - 16 scrolls of remove curse
 f - 4 scrolls of fear
 i - 19 scrolls of identify
 q - 18 scrolls of teleportation
 u - a scroll of summoning
 C - 9 scrolls of blinking
 G - 2 scrolls of magic mapping
 K - a scroll of immolation
 U - 6 scrolls of fog
Potions
 g - 3 potions of invisibility
 l - 4 potions of agility
 n - 7 potions of might
 p - 11 potions of curing
 t - 5 potions of haste
 v - 3 potions of lignification
 x - 6 potions of heal wounds
 L - 4 potions of mutation
 O - a potion of cancellation
Miscellaneous
 M - a phantom mirror
 N - a phial of floods
 P - a sack of spiders
 R - a crystal ball of energy
 X - a lamp of fire
Comestibles
 e - 46 rations
 o - a chunk of flesh


   Skills:
 - Level 20.0 Fighting
 - Level 21.0 Maces & Flails
 - Level 5.0 Throwing
 + Level 17.6 Armour
 - Level 6.0 Dodging


You had 18 spell levels left.
You didn't know any spells.

Dungeon Overview and Level Annotations

Branches:
Dungeon (15/15)            Temple (1/1) D:6            Lair (6/6) D:9
  Swamp (4/4) Lair:4       Spider (4/4) Lair:3        Slime (0/5) Lair:5
    Orc (2/2) D:12            Elf (0/3) Orc:2        Vaults (0/5) D:14
 Depths (1/5) D:15           Hell (1/1)
    Dis: Hell:1         Geh: Hell:1         Coc: Hell:1         Tar: Hell:1

Altars:
Ashenzari
Cheibriados
Dithmenos
Elyvilon
Fedhas
Gozag
Hepliaklqana
Kikubaaqudgha
Makhleb
Nemelex Xobeh
Okawaru
Qazlal
Ru
Sif Muna
Trog
Uskayaw
Vehumet
Wu Jian
Xom
Yredelemnul
Zin
The Shining One
Beogh
Jiyva

Shops:
D:7 }   D:9 *   D:11 =   D:14 ?   Orc:2 [(?*

Portals:
Hell: Lair:6 Depths:1
Abyss: Depths:1

Annotations:
Hell Geryon


Innate Abilities, Weirdness & Mutations

You are resistant to torment.
Your stone body is resilient. (AC +14)
You are immune to poison.
Your large and strong wings let you fly indefinitely.
You resist negative energy. (rN+)
You are resistant to electric shocks. (rElec)
You can survive without breathing.
You are immune to petrification.
You are immune to rotting.
You have sharp toenails.


Message History

Unknown command.
You hit the orb of fire.
The orb of fire is severely damaged.
You are engulfed in blazing flames.
You resist.
* * * LOW HITPOINT WARNING * * *
The fire elemental closely misses you.
The fire dragon bites you but does no damage.
The fire dragon barely misses you.
The fire dragon tramples you but does no damage.
Unknown command.
You hit the orb of fire but do no damage.
The orb of fire is severely damaged.
You are engulfed in blazing flames.
You resist. The balrug gestures at you. Something smites you!
* * * LOW HITPOINT WARNING * * *
The efreet closely misses you.
The orb of fire glows yellow.
The bolt of fire hits you! You resist.
You die...

▓▓▓▓▓▓▓▓▓▓▓
▓.........▓▓
§..........▓▓
t....§......▓▓
=...#≈#.§....▓▓
[...§#*@R...∩.▓
).§§#≈#ED§...▓▓
..§..§t2t...▓▓
....R.t§...▓▓
▓.........▓▓
▓▓▓▓▓▓▓▓▓▓▓


You could see an orb of fire, a fire dragon, a balrug, 3 fire crabs, an efreet
and a fire elemental.

Vanquished Creatures
  3 acid blobs (Zig:7)
  A tentacled starspawn (Abyss:2)
  2 thorn hunters
  Donald (Swamp:3)
  2 nagarajas (Zig:6)
  4 ghost moths
  2 vault wardens (Zig:5)
  A balrug (Zig:8)
  4 emperor scorpions
  A stone giant (Depths:1)
  4 entropy weavers
  3 spark wasps
  2 ettins
  4 fire dragons
  3 yaktaur captains
  3 great orbs of eyes
  4 ogre magi
  The ghost of BreadTh the Eclecticist, a journeyman SpWz of Gozag (D:15)
  A rakshasa (Depths:1)
  A hell beast (Depths:1)
  17 hydras
  A death knight (D:15)
  9 alligators
  A ghost crab (Swamp:3)
  4 centaur warriors
  18 two-headed ogres
  8 death scarabs (Spider:4)
  3 tengu warriors
  A deep troll earth mage (Depths:1)
  2 deep troll shamans (Depths:1)
  2 thrashing horrors (Abyss:2)
  Urug (D:11)
  6 death yaks
  2 spriggans
  A shock serpent (Zig:6)
  2 sun demons
  An iron troll (Depths:1)
  5 skeletal warriors (D:14)
  7 deep trolls
  2 unseen horrors (D:13)
  A glowing orange brain (Depths:1)
  11 swamp dragons
  A naga ritualist (Zig:6)
  3 wolf spider zombies
  2 spectral wolf spiders (Spider:4)
  A spriggan druid (Swamp:4)
  2 wizards
  An orc knight (D:15)
  26 wolf spiders
  A shambling mangrove (Swamp:4)
  2 lindwurms (D:13)
  16 orb spiders
  An iron dragon zombie (Depths:1)
  18 ugly things
  A manticore (D:11)
  2 shining eyes
  An orc sorcerer (Zig:3)
  5 cyclopes
  5 black mambas
  4 moths of wrath
  A rust devil (Depths:1)
  4 centaur zombies
  A naga mage (Zig:6)
  Maurice (D:11)
  A smoke demon (Abyss:2)
  A gargoyle (D:13)
  2 eyes of devastation
  18 spiny frogs
  4 rime drakes
  2 torpor snails
  An efreet (D:15)
  A rime drake (shapeshifter) (D:14)
  7 spectral redbacks (Spider:4)
  2 redback zombies (Spider:4)
  5 kobold demonologists
  A freezing wraith (Depths:1)
  10 komodo dragons
  3 yaktaurs
  11 demonic crawlers
  3 ice devils
  A tengu conjurer (D:15)
  4 polar bears
  30 jumping spiders
  A spectral tarantella (Spider:4)
  14 trolls
  10 tyrant leeches
  12 hornets
  2 spectral jumping spiders (Spider:4)
  7 bog bodies
  A harpy skeleton (D:15)
  23 blink frogs
  2 tarantella zombies (Spider:4)
  20 slime creatures
  3 dream sheep
  6 hippogriffs
  70 redbacks
  22 tarantellas
  2 wyverns
  3 shadows
  A vampire (D:9)
  4 water elementals (Depths:1)
  A wraith (D:12)
  71 yaks
  6 basilisks
  3 fire bats (D:13)
  A chaos spawn (Abyss:2)
  2 hungry ghosts (D:12)
  35 vampire mosquitoes
  13 insubstantial wisps (Swamp:1)
  A naga (Zig:6)
  13 swamp worms
  2 acid dragons (D:15)
  A soldier ant (D:12)
  12 porcupines
  11 water moccasins
  2 hell hounds (Lair:6)
  20 orc warriors
  A spectral hornet (Spider:4)
  2 black bears
  2 hornet zombies (Spider:4)
  3 ice beasts
  14 swamp drakes
  2 large abominations
  3 sky beasts
  25 ogres
  3 eyes of draining
  15 wolves
  2 phantoms
  2 necrophages
  24 centaurs
  Blork the orc (D:6)
  11 crocodiles
  8 big kobolds
  17 bullfrogs
  6 small abominations (Abyss:2)
  4 scorpions
  5 killer bees (D:10)
  5 wights (D:11)
  2 vampire bats
  An electric eel (Spider:2)
  6 crimson imps
  A lava snake (Lair:3)
  A bullfrog zombie (D:11)
  3 quasits
  5 centaur skeletons
  An iron imp (Abyss:2)
  7 hounds
  11 orc priests
  9 jellies
  8 iguanas
  13 orc wizards
  10 worker ants
  A lightning spire (Zig:7)
  A killer bee zombie (D:9)
  4 hound zombies
  A hound skeleton (D:6)
  2 howler monkey zombies
  14 adders
  3 shadow imps
  A white imp (Abyss:2)
  2 ufetubi (Abyss:2)
  6 oozes (D:13)
  3 adder skeletons
  11 worms
  5 dart slugs
  5 leopard geckos
  91 orcs
  4 bat skeletons (D:6)
  3 bat zombies (D:6)
  8 giant cockroaches
  9 goblins
  10 hobgoblins
  22 jackals
  26 kobolds
  3 quokkas
  4 ball pythons
  15 bats
  9 frilled lizards
  9 rats
  4 briar patches
  A plant (Lair:1)
1265 creatures vanquished.

Vanquished Creatures (collateral kills)
  the Lernaean hydra (Swamp:4)
  Arachne (Spider:3)
  A nagaraja (Zig:6)
  A fire giant (Zig:8)
  2 hydras
  A two-headed ogre (D:8)
  Harold (Lair:2)
  2 death yaks (Lair:6)
  A thrashing horror (Abyss:2)
  Nergalle (Lair:2)
  A deep troll (Depths:1)
  Joseph (D:8)
  2 orange demons (Lair:6)
  A spiny frog (Lair:1)
  2 ice devils (Lair:6)
  4 komodo dragons
  A hellwing (Lair:6)
  A hornet (Spider:3)
  4 dream sheep
  6 slime creatures
  A raiju (Abyss:2)
  2 hippogriffs (Lair:1)
  2 blink frogs (Lair:6)
  A wraith (Abyss:2)
  10 yaks
  A naga (Zig:6)
  A water moccasin (Lair:6)
  2 hell hounds (Lair:6)
  A swamp drake (Swamp:4)
  An eye of draining (Lair:1)
  An ice beast (D:8)
  2 ogres (Depths:1)
  17 wolves
  A crocodile (Lair:5)
  2 bullfrogs (Lair:5)
  2 big kobolds (D:8)
  2 howler monkeys (D:8)
84 creatures vanquished.

Vanquished Creatures (others)
  A rakshasa (Depths:1)
  An orc wizard (D:8)
  51 fungi
  25 plants
  2 starspawn tentacles (Abyss:2)
80 creatures vanquished.

Grand Total: 1429 creatures vanquished

Notes
Turn   | Place    | Note
-------+----------+-------------------------------------------
     0 | D:1      | Rrauwl the Gargoyle Berserker began the quest for the Orb.
     0 | D:1      | Reached XP level 1. HP: 14/14 MP: 1/1
    10 | D:1      | Noticed a bullfrog
    58 | D:1      | Reached XP level 2. HP: 14/19 MP: 2/2
   355 | D:1      | Reached XP level 3. HP: 18/23 MP: 3/3
   390 | D:1      | Reached ** piety under Trog
   953 | D:2      | Reached XP level 4. HP: 29/29 MP: 4/4
  1195 | D:2      | Reached skill level 4 in Maces & Flails
  1341 | D:2      | Found a stormy altar of Qazlal.
  1385 | D:2      | Reached *** piety under Trog
  1625 | D:2      | Reached XP level 5. HP: 30/33 MP: 5/5
  2254 | D:3      | Reached skill level 5 in Maces & Flails
  2463 | D:3      | Reached XP level 6. HP: 12/38 MP: 6/6
  2477 | D:3      | Reached skill level 6 in Maces & Flails
  3318 | D:4      | Noticed a phantom
  3326 | D:5      | Entered Level 5 of the Dungeon
  3384 | D:4      | Killed a phantom
  3384 | D:4      | Reached **** piety under Trog
  3384 | D:4      | Reached skill level 7 in Maces & Flails
  3384 | D:4      | Reached XP level 7. HP: 37/43 MP: 7/7
  3724 | D:4      | Found a hazy altar of Hepliaklqana.
  3803 | D:4      | Reached skill level 8 in Maces & Flails
  4155 | D:5      | HP: 3/64 [ice beast (6)]
  4156 | D:5      | Reached skill level 9 in Maces & Flails
  4156 | D:5      | Reached XP level 8. HP: 4/48 MP: 8/8
  4504 | D:5      | Found a bloodstained altar of Trog.
  4521 | D:5      | Found a radiant altar of Vehumet.
  4605 | D:5      | Found an opulent altar of Gozag.
  4754 | D:5      | Found a sparkling altar of Nemelex Xobeh.
  4955 | D:6      | Reached skill level 10 in Maces & Flails
  5092 | D:6      | You fall through a shaft for 3 floors!
  5092 | D:9      | Noticed a slime creature
  5092 | D:9      | Noticed a slime creature
  5092 | D:9      | Noticed a slime creature
  5092 | D:9      | Noticed a slime creature
  5092 | D:9      | Noticed a slime creature
  5092 | D:9      | Noticed a slime creature
  5100 | D:9      | Noticed a yak
  5101 | D:9      | Noticed a yak
  5102 | D:9      | Noticed a yak
  5102 | D:9      | Noticed a yak
  5103 | D:9      | Noticed a yak
  5103 | D:9      | Noticed a troll
  5122 | D:9      | Found Ydexzor's Assorted Antiques.
  5523 | D:9      | Killed a slime creature
  5523 | D:9      | Reached skill level 11 in Maces & Flails
  5523 | D:9      | Reached XP level 9. HP: 35/52 MP: 9/9
  5782 | D:8      | Reached skill level 12 in Maces & Flails
  5793 | D:8      | Noticed a two-headed ogre
  5808 | D:8      | Killed a two-headed ogre
  5855 | D:8      | Found a sacrificial altar of Ru.
  5928 | D:8      | Reached skill level 13 in Maces & Flails
  6186 | D:7      | Found Pigad's Gadget Shop.
  6200 | D:7      | Reached XP level 10. HP: 56/56 MP: 10/10
  6415 | D:6      | Noticed Blork the orc
  6428 | D:6      | Killed Blork the orc
  6855 | D:6      | Reached ***** piety under Trog
  6860 | D:6      | Found a staircase to the Ecumenical Temple.
  6871 | Temple   | Entered the Ecumenical Temple
  7485 | D:6      | Found a burning altar of Makhleb.
  7564 | D:6      | Found an ancient bone altar of Kikubaaqudgha.
  7826 | D:8      | Reached skill level 14 in Maces & Flails
  7927 | D:8      | Noticed a three-headed hydra
  7931 | D:8      | Noticed Joseph
  7938 | D:8      | Reached skill level 5 in Armour
  7940 | D:8      | Killed a three-headed hydra
  7941 | D:8      | Killed Joseph
  8199 | D:9      | Got a pair of bloodstained boots
  8273 | D:9      | Noticed a cyclops
  8296 | D:9      | Killed a cyclops
  8313 | D:9      | Found a staircase to the Lair.
  8320 | D:9      | Reached XP level 11. HP: 61/61 MP: 11/11
  8350 | Lair:1   | Entered Level 1 of the Lair of Beasts
  8535 | Lair:2   | Reached skill level 15 in Maces & Flails
  9424 | Lair:3   | Found a hole to the Spider Nest.
  9712 | Lair:6   | Entered Level 6 of the Lair of Beasts
  9746 | Lair:5   | Reached skill level 10 in Armour
  9757 | Lair:5   | Reached XP level 12. HP: 30/66 MP: 12/12
  9935 | Lair:5   | Found a viscous altar of Jiyva.
  9935 | Lair:5   | Found a staircase to the Slime Pits.
 10123 | Lair:2   | Reached skill level 16 in Maces & Flails
 10318 | Lair:1   | Reached skill level 5 in Fighting
 10414 | Lair:1   | Received a gift from Trog
 10620 | Lair:1   | Identified the +1 pair of boots of Whack-A-Mole {Regen+} (You found it on level 9 of the Dungeon)
 10629 | Lair:1   | Gained mutation: Your mind is acute. (Int +2) [potion of mutation]
 10629 | Lair:1   | Gained mutation: You have sharp toenails. [potion of mutation]
 12062 | Lair:2   | Noticed Nergalle
 12223 | Lair:2   | Noticed a four-headed hydra
 12233 | Lair:2   | Killed a four-headed hydra
 12233 | Lair:2   | Reached XP level 13. HP: 79/79 MP: 10/13
 12417 | Lair:2   | Killed Nergalle
 12425 | Lair:2   | Noticed Harold
 12758 | Lair:2   | Killed Harold
 13384 | Lair:3   | Noticed a fire dragon
 13415 | Lair:3   | Killed a fire dragon
 13415 | Lair:3   | Reached skill level 10 in Fighting
 14219 | Lair:4   | Found a staircase to the Swamp.
 14314 | Lair:4   | Reached skill level 1 in Throwing
 15804 | Lair:6   | Gained mutation: Your large and strong wings let you fly indefinitely. [Gargoyle growth]
 15804 | Lair:6   | Reached XP level 14. HP: 90/90 MP: 12/14
 16681 | Lair:6   | Cast into level 2 of the Abyss (a wizard)
 16814 | Abyss:2  | Noticed a tentacled starspawn
 16885 | Abyss:2  | Killed a tentacled starspawn
 16885 | Abyss:2  | Reached skill level 17 in Maces & Flails
 17116 | Lair:6   | Escaped the Abyss
 17189 | Lair:6   | Found a burning altar of Makhleb.
 17233 | Lair:6   | Found a gateway to Hell.
 17252 | Hell     | Entered the Vestibule of Hell
 17252 | Hell     | Noticed Geryon
 17252 | Hell     | Noticed a reaper
 17252 | Hell     | Noticed a reaper
 17252 | Hell     | Noticed a hellephant
 17628 | D:10     | Entered Level 10 of the Dungeon
 17890 | D:10     | Received a gift from Trog
 18079 | D:10     | Found a sacrificial altar of Ru.
 18421 | D:11     | Reached skill level 18 in Maces & Flails
 18552 | D:11     | Found a bloodstained altar of Trog.
 18552 | D:11     | Found Copum's Jewellery Shop.
 18684 | D:11     | Noticed Maurice
 18686 | D:11     | Noticed Urug
 18692 | D:11     | Killed Urug
 18709 | D:11     | Killed Maurice
 18998 | D:12     | Identified the +1 pair of boots of the Quahog {+Inv rN+ Int+6} (You found it on level 12 of the Dungeon)
 19233 | D:12     | Received a gift from Trog
 19234 | D:12     | Reached XP level 15. HP: 96/96 MP: 15/15
 19315 | D:12     | Found a staircase to the Orcish Mines.
 19997 | D:13     | Reached skill level 19 in Maces & Flails
 20131 | D:13     | Received a gift from Trog
 20565 | D:14     | Found Buohoaza's Demolitions Depot.
 20632 | D:14     | Found a gate to the Vaults.
 20777 | D:14     | Found a roughly hewn altar of Beogh.
 20787 | D:14     | Received a gift from Trog
 20789 | D:14     | Reached ****** piety under Trog
 20939 | D:14     | Reached skill level 20 in Maces & Flails
 21039 | D:14     | Found a snail-covered altar of Cheibriados.
 21074 | D:14     | Received a gift from Trog
 21186 | D:14     | Found Vaomp's Magic Scroll Shop.
 21189 | D:14     | Bought a scroll of enchant weapon for 142 gold pieces
 21189 | D:14     | Bought a scroll of blinking for 142 gold pieces
 21475 | D:15     | Entered Level 15 of the Dungeon
 21487 | D:15     | Reached XP level 16. HP: 101/101 MP: 14/16
 21538 | D:15     | Found a flickering gateway to a bazaar.
 21569 | Bazaar   | Entered a bazaar
 21569 | Bazaar   | Found Gytixkas's General Store.
 21569 | Bazaar   | Found Qyth's Armour Shop.
 21569 | Bazaar   | Found Wustralyu's Assorted Antiques.
 21571 | Bazaar   | Found Dampef's General Store.
 21571 | Bazaar   | Found Emokh's Magic Scroll Shop.
 21592 | Bazaar   | Bought a scroll labeled XESTREA BE TUXI for 16 gold pieces
 21592 | Bazaar   | Bought a scroll of identify for 32 gold pieces
 21592 | Bazaar   | Bought a scroll labeled GYUPLE WOPTI for 16 gold pieces
 21597 | Bazaar   | Bought a scroll of enchant weapon for 82 gold pieces
 21597 | Bazaar   | Bought a scroll of enchant armour for 82 gold pieces
 21602 | Bazaar   | Bought a scroll of blinking for 60 gold pieces
 21602 | Bazaar   | Bought a scroll of enchant weapon for 60 gold pieces
 21602 | Bazaar   | Bought a scroll of enchant armour for 60 gold pieces
 21602 | Bazaar   | Bought a scroll of enchant armour for 60 gold pieces
 21602 | Bazaar   | Bought a scroll of acquirement for 416 gold pieces
 21602 | Bazaar   | Bought a scroll of fog for 16 gold pieces
 21612 | Bazaar   | Got a shimmering hat
 21623 | Bazaar   | Identified the +1 hat of Proximity {rElec rCorr} (You acquired it in a bazaar)
 21859 | D:15     | Noticed BreadTh's ghost (journeyman SpWz)
 21886 | D:15     | Killed BreadTh's ghost
 22060 | D:15     | Found a staircase to the Depths.
 22082 | D:15     | Reached skill level 21 in Maces & Flails
 22451 | Orc:1    | Entered Level 1 of the Orcish Mines
 22598 | Orc:2    | Entered Level 2 of the Orcish Mines
 22626 | Orc:2    | Received a gift from Trog
 22656 | Orc:2    | Received a gift from Trog
 22867 | Orc:2    | Found Puhuor's Weapon Emporium.
 22887 | Orc:2    | Found Qeymijuf's Armour Emporium.
 22891 | Orc:2    | Found a staircase to the Elven Halls.
 22891 | Orc:2    | Found Latwoan's Magic Scroll Boutique.
 22895 | Orc:2    | Found Hedumoh's Assorted Antiques.
 22979 | Orc:2    | Bought a +0 pair of gloves of dexterity for 161 gold pieces
 22998 | Orc:2    | Bought a scroll of acquirement for 676 gold pieces
 22998 | Orc:2    | Bought a scroll of enchant weapon for 97 gold pieces
 23026 | Orc:2    | Bought a black potion for 32 gold pieces
 23673 | Spider:1 | Entered Level 1 of the Spider Nest
 23823 | Spider:1 | Received a gift from Trog
 24410 | Spider:2 | Reached skill level 5 in Dodging
 24781 | Spider:2 | Reached XP level 17. HP: 105/111 MP: 15/17
 25032 | Spider:2 | Reached skill level 5 in Throwing
 25243 | Spider:3 | Received a gift from Trog
 25606 | Spider:3 | Reached skill level 15 in Armour
 25714 | Spider:3 | Received a gift from Trog
 25736 | Spider:3 | Noticed Arachne
 25745 | Spider:3 | Killed Arachne
 25974 | Spider:4 | Entered Level 4 of the Spider Nest
 26802 | Spider:4 | Received a gift from Trog
 26854 | Spider:4 | Reached skill level 15 in Fighting
 27122 | Spider:4 | Reached XP level 18. HP: 120/120 MP: 12/18
 27124 | Spider:4 | Received a gift from Trog
 27163 | Spider:4 | Received a gift from Trog
 27233 | Spider:4 | Got a gossamer rune of Zot
 27647 | Swamp:1  | Entered Level 1 of the Swamp
 27739 | Swamp:1  | Received a gift from Trog
 29135 | Swamp:3  | Received a gift from Trog
 29289 | Swamp:3  | Noticed Donald
 29299 | Swamp:3  | Killed Donald
 29534 | Swamp:4  | Entered Level 4 of the Swamp
 30238 | Swamp:4  | Received a gift from Trog
 30287 | Swamp:4  | Noticed the 27-headed Lernaean hydra
 30299 | Swamp:4  | Killed the 26-headed Lernaean hydra
 30434 | Swamp:4  | Reached XP level 19. HP: 133/133 MP: 19/19
 30439 | Swamp:4  | Got a decaying rune of Zot
 30867 | Depths:1 | Entered Level 1 of the Depths
 31553 | Depths:1 | Found a one-way gate to the infinite horrors of the Abyss.
 31598 | Depths:1 | Found a gateway to a ziggurat.
 31633 | Zig:1    | Entered Level 1 of a ziggurat
 31655 | Zig:2    | Entered Level 2 of a ziggurat
 31682 | Zig:3    | Entered Level 3 of a ziggurat
 31696 | Zig:3    | Received a gift from Trog
 31758 | Zig:4    | Entered Level 4 of a ziggurat
 31893 | Zig:5    | Entered Level 5 of a ziggurat
 31920 | Zig:5    | Received a gift from Trog
 31988 | Zig:5    | Got a translucent lead ring
 31989 | Zig:5    | Identified the ring "Ahanont" {+Inv rN+ Str+6 Slay-6} (You found it on level 5 of a ziggurat)
 32003 | Zig:6    | Entered Level 6 of a ziggurat
 32123 | Zig:7    | Entered Level 7 of a ziggurat
 32147 | Zig:7    | Lost mutation: Your mind is acute. (Int +2) [a shining eye]
 32230 | Zig:8    | Entered Level 8 of a ziggurat
 32254 | Zig:8    | Noticed an orb of fire
 32268 | Zig:8    | Killed from afar by an orb of fire

Skill      XL: |  1  2  3  4  5  6  7  8  9 10 11 12 13 14 15 16 17 18 19 |
---------------+----------------------------------------------------------+-----
Dodging        | 2 3 6 |  6.0
Armour         | 3 6 10 12 14 16 17 | 17.6
Fighting       | 4 8 11 12 14 15 19 20 | 20.0
Maces & Flails | 4 5 7 9 11 13 14 15 16 18 20 21 | 21.0
Throwing       | 3 4 5 |  5.0

Action                   |  1- 3 |  4- 6 |  7- 9 | 10-12 | 13-15 | 16-18 | 19-21 || total
-------------------------+-------+-------+-------+-------+-------+-------+-------++-------
Melee: Mace              |   137 |   300 |   131 |       |       |       |       ||   568
       Flail             |       |       |   174 |   912 |   813 |       |       ||  1899
       Great mace        |       |       |       |       |   715 |  1423 |   248 ||  2386
Throw: Tomahawk          |       |       |       |       |     7 |       |       ||     7
Invok: Berserk           |     1 |     4 |     9 |    23 |    22 |    12 |     8 ||    79
       Trog's Hand       |       |     2 |       |     3 |     1 |     2 |       ||     8
       Brothers in Arms  |       |       |     2 |     6 |     6 |     4 |     4 ||    22
       Burn Spellbooks   |       |       |       |     1 |     1 |     4 |     1 ||     7
 Abil: Fly               |       |       |       |       |     1 |       |       ||     1
Evoke: Wand              |       |       |       |       |    11 |     2 |       ||    13
  Use: Scroll            |       |       |       |    20 |    19 |    14 |     4 ||    57
       Potion            |       |       |       |     2 |     1 |     1 |     1 ||     5
 Stab: Sleeping          |       |     2 |       |       |       |       |       ||     2
       Distracted        |       |       |       |       |     1 |     1 |       ||     2
  Eat: Chunk             |     1 |    13 |    11 |    34 |    30 |    27 |    10 ||   126
       Ration            |       |       |     2 |     3 |     8 |     5 |     1 ||    19
Armor: Animal skin       |    55 |   122 |   141 |    30 |       |       |       ||   348
       Plate armour      |       |       |       |   550 |  1046 |  1224 |   220 ||  3040
Dodge: Dodged            |   124 |   216 |   187 |   296 |   552 |   769 |   182 ||  2326
       Deflected         |       |       |       |       |    20 |    16 |     9 ||    45
